[Event "Team 45 45 League T41"]
[Site "Internet Chess Club"]
[Date "2009.05.15"]
[Round "3"]
[White "chessateer"]
[Black "Spencer"]
[Result "1/2-1/2"]
[WhiteElo "1826"]
[BlackElo "1791"]
[Opening "Latvian counter-gambit"]
[ECO "C40"]
[Time "14:01:48"]
[TimeControl "2700+45"]

1. e4 e5 2. Nf3 f5 3. d4 fxe4 4. Nxe5 Nf6 5. Bc4 d5 6. Bb5+ c6 7. Be2 Bf5 8. Bg5
Be7 9. Nd2 Nbd7 10. f4 O-O 11. O-O Ne8 12. Bxe7 Qxe7 13. c3 g6 14. g4 Be6 15.
Qe1 Nd6 16. Qg3 Qg7 17. f5 gxf5 18. Nxd7 f4 19. Rxf4 Rxf4 20. Qxf4 Qxd7 21. Rf1
Qe7 22. Qf6 Re8 23. Qxe7 Rxe7 24. Rf4 Rf7 25. Rxf7 Kxf7 26. Nf1 Kg6 27. Kf2 Kg5
28. Kg3 h6 29. Ne3 Nf7 30. h4+ Kg6 31. Kf4 Kf6 32. b3 b6 {Game drawn by mutual
agreement} 1/2-1/2

[Event "Team 45 45 League T41"]
[Site "Internet Chess Club"]
[Date "2009.05.18"]
[Round "3"]
[White "jolin54"]
[Black "ddlj81"]
[Result "0-1"]
[WhiteElo "1394"]
[BlackElo "1860"]
[Opening "Queen's pawn game, Darooha variation "]
[ECO "D02"]
[Time "21:00:16"]
[TimeControl "2700+45"]

1. d4 d5 2. Nf3 Nf6 3. b3 Bf5 4. e3 e6 5. a3 c5 6. Bb5+ Nc6 7. Bb2 Qa5+ 8. Nc3
Ne4 9. Bxc6+ bxc6 10. b4 cxb4 11. Nxe4 dxe4 12. Nd2 bxa3 13. Bc1 Bb4 14. O-O O-O
15. Nc4 Qc7 16. Bxa3 c5 17. c3 Bxc3 18. Rc1 Bb4 19. Qa4 Bxa3 20. Nxa3 e5 21.
Rxc5 Qd7 22. Qxd7 Bxd7 23. Rxe5 Rfe8 24. Nc4 Rxe5 25. Nxe5 Bb5 26. Rc1 f6 27.
Nc6 Kf8 28. d5 Rc8 29. f3 exf3 30. gxf3 Ke8 31. Kf2 Bxc6 32. dxc6 Ke7 33. Ke2
Kd6 34. c7 Rxc7 35. Rxc7 Kxc7 36. Kd3 Kd6 37. Kd4 f5 38. e4 fxe4 39. fxe4 a5 40.
h4 a4 41. h5 a3 42. Kc3 Ke5 43. Kb3 Kxe4 44. Kxa3 Kf5 45. Kb3 Kg5 46. Kc3 Kxh5
47. Kd3 Kh4 48. Ke3 g5 49. Kf3 Kh3 50. Kf2 g4 51. Kg1 Kg3 52. Kh1 Kf2 53. Kh2
g3+ 54. Kh1 g2+ {White resigns} 0-1

[Event "Team 45 45 League T41"]
[Site "Internet Chess Club"]
[Date "2009.05.17"]
[Round "3"]
[White "touchthis"]
[Black "ZacAttack99"]
[Result "1-0"]
[WhiteElo "1863"]
[BlackElo "1453"]
[Opening "Sicilian defense"]
[ECO "B30"]
[Time "16:46:09"]
[TimeControl "2700+45"]

1. e4 c5 2. Nf3 Nc6 3. d3 e5 4. g3 Nf6 5. Bg2 d6 6. c3 Bg4 7. Nbd2 Be7 8. O-O
Qd7 9. Qc2 O-O 10. Re1 Bh3 11. Nf1 Bg4 12. Ne3 Bxf3 13. Bxf3 Rad8 14. Bg2 b5 15.
Nf5 b4 16. Bh3 Qb7 17. f4 Qa6 18. cxb4 Rfe8 19. bxc5 dxc5 20. Nxe7+ Rxe7 21.
Qxc5 Rxd3 22. Bf1 Nd7 23. Bxd3 Nxc5 24. Bxa6 Nb4 25. Rd1 Re8 26. Bb5 Rb8 27. a4
a6 28. Bc4 h6 29. b3 Nxe4 30. Rd7 {Black resigns} 1-0

[Event "Team 45 45 League T41"]
[Site "Internet Chess Club"]
[Date "2009.05.19"]
[Round "3"]
[White "HotRats"]
[Black "RandyPCC"]
[Result "0-1"]
[WhiteElo "1254"]
[BlackElo "1710"]
[Opening "Polish (Sokolsky) opening"]
[ECO "A00"]
[Time "19:30:23"]
[TimeControl "2700+45"]

1. b4 d5 2. Bb2 e6 3. e3 Nf6 4. b5 Be7 5. c4 O-O 6. Nf3 Nbd7 7. Be2 Re8 8. O-O
c6 9. a4 Bd6 10. d4 e5 11. dxe5 Nxe5 12. cxd5 cxd5 13. Nc3 Be6 14. Ng5 Rc8 15.
Nb1 h6 16. Nxe6 fxe6 17. Nd2 Qe7 18. Nb3 Rc7 19. Rc1 Rec8 20. Rxc7 Rxc7 21. Nd4
Nc4 22. Ba1 Ne4 23. Nf3 Nb6 24. Qd4 Nf6 25. Rd1 Bc5 26. Qf4 Ne4 27. Be5 Bd6 28.
a5 Nd7 29. Bd3 Ndf6 30. h3 Bxe5 31. Qxe5 Qd6 32. Qxd6 Nxd6 33. Ne5 Nfe4 34. Rb1
Nc3 35. b6 axb6 36. Rxb6 Nce4 37. Bxe4 Nxe4 38. Rxe6 Rc1+ 39. Kh2 Nxf2 40. Re7
Rb1 41. Kg3 Ne4+ 42. Kh2 Rb5 43. Rd7 Nf6 44. Rd8+ Kh7 45. Rb8 Rxa5 46. Rxb7 Ra3
47. Nd7 Ne8 48. Rb5 Rd3 49. Nb6 Nf6 50. Ra5 Kg6 51. Nc8 Rxe3 52. Nb6 Rd3 53. Ra6
Kf5 54. Na4 Ra3 55. Nc5 Rc3 56. Ra5 Ke5 57. Kg1 h5 58. Rb5 Rc1+ 59. Kh2 Rc3 60.
Na4 Rc2 61. Nb2 g5 62. Nd1 Ke4 63. Rb6 Ke5 64. Rb5 Rc6 65. Nf2 Ne4 66. Nd3+ Kd6
67. Nb4 Nc3 68. Rb8 Rc4 69. Nd3 d4 70. Rg8 Ne4 71. Rg6+ Kd5 72. Rg8 Rc3 73. Nb4+
Kc4 74. Nc6 d3 75. Ne5+ Kd4 76. Re8 Ke3 77. Nf3 Rc5 78. Re7 g4 {White resigns}
0-1

[Event "Team 45 45 League T41"]
[Site "Internet Chess Club"]
[Date "2009.05.19"]
[Round "3"]
[White "markgravitygood"]
[Black "FutureCGA"]
[Result "1-0"]
[WhiteElo "1892"]
[BlackElo "1920"]
[Opening "Pirc defense"]
[ECO "B07"]
[Time "18:17:22"]
[TimeControl "2700+45"]

1. e4 d6 2. d4 Nf6 3. Bd3 g6 4. c3 Bg7 5. Nf3 O-O 6. O-O Nc6 7. Re1 e5 8. h3 h6
9. Be3 Kh7 10. Nbd2 Nh5 11. Nf1 f5 12. exf5 gxf5 13. Nxe5 dxe5 14. Qxh5 exd4 15.
cxd4 Nxd4 16. Rac1 b6 17. Bxd4 Bxd4 18. Rc6 Bg7 19. Rg6 Rf6 20. Rxf6 Qxf6 21.
Ng3 Qxb2 22. Nxf5 Bxf5 23. Qxf5+ Kg8 24. Qh7+ Kf8 25. Bc4 {Black resigns} 1-0

[Event "Team 45 45 League T41"]
[Site "Internet Chess Club"]
[Date "2009.05.16"]
[Round "3"]
[White "Portola"]
[Black "PaulKaspar"]
[Result "0-1"]
[WhiteElo "1686"]
[BlackElo "1866"]
[Opening "Torre attack (Tartakower variation)"]
[ECO "D03"]
[Time "22:01:36"]
[TimeControl "2700+45"]

1. d4 d5 2. Nf3 Nf6 3. Bg5 e6 4. Nbd2 Be7 5. e3 h6 6. Bh4 g5 7. Bg3 c5 8. Be2
Nc6 9. c3 Nh5 10. Be5 f6 11. Bg3 Nxg3 12. hxg3 e5 13. dxc5 Bxc5 14. Nh2 Be6 15.
Bh5+ Ke7 16. O-O Qd7 17. b4 Bb6 18. a4 Raf8 19. a5 Bc7 20. Nb3 Bd6 21. Nc5 Bxc5
22. bxc5 Bf7 23. Bxf7 Kxf7 24. Qh5+ Kg7 25. Rfd1 Rd8 26. a6 Qc8 27. axb7 Qxb7
28. Rdb1 Qf7 29. Qxf7+ Kxf7 30. Rb7+ Kg6 31. Ra6 Rc8 32. Rd7 Nb8 33. Rdxa7 Nxa6
34. Rxa6 Ra8 35. Rd6 Rhd8 36. Kf1 Rxd6 37. cxd6 Rd8 38. e4 dxe4 39. Ke2 Rxd6 40.
Ng4 Rd3 41. c4 Rc3 42. Ne3 f5 43. Kd2 Ra3 44. c5 f4 45. Ng4 Rd3+ 46. Kc2 Rd5 47.
c6 h5 48. Kc3 hxg4 49. Kc4 Rd1 50. gxf4 gxf4 51. Kc5 Rc1+ 52. Kd6 e3 53. fxe3
fxe3 {White resigns} 0-1

[Event "Team 45 45 League T41"]
[Site "Internet Chess Club"]
[Date "2009.05.18"]
[Round "3"]
[White "BraafPaard"]
[Black "frankd"]
[Result "1-0"]
[WhiteElo "1569"]
[BlackElo "1541"]
[Opening "Pirc: classical system, 5.Be2"]
[ECO "B08"]
[Time "19:00:11"]
[TimeControl "2700+45"]

1. e4 d6 2. d4 Nf6 3. Nc3 g6 4. Nf3 Bg7 5. Be2 O-O 6. O-O Nc6 7. d5 Nb8 8. Be3
e5 9. h3 c6 10. Bc4 b5 11. Bb3 b4 12. Na4 Nxe4 13. dxc6 Nxc6 14. Qd5 Bb7 15.
Qxe4 Qc7 16. Qc4 Rac8 17. Rfd1 Qd7 18. Qd3 Rfd8 19. Nc5 Qc7 20. Nxb7 Qxb7 21.
Bd5 Qd7 22. Rab1 Kh8 23. Qb3 h6 24. Bxf7 Ne7 25. Be6 {Black resigns} 1-0

[Event "Team 45 45 League T41"]
[Site "Internet Chess Club"]
[Date "2009.05.18"]
[Round "3"]
[White "clarinetref"]
[Black "AngryPirate"]
[Result "1-0"]
[WhiteElo "1717"]
[BlackElo "1412"]
[Opening "Réti opening"]
[ECO "A05"]
[Time "16:01:41"]
[TimeControl "2700+45"]

1. Nf3 Nf6 2. g3 d5 3. Bg2 c5 4. d3 Nc6 5. O-O Bg4 6. h3 Bh5 7. Nbd2 e6 8. Re1
Be7 9. e4 dxe4 10. dxe4 Nd4 11. e5 Nxf3+ 12. Bxf3 Bxf3 13. Qxf3 Nd5 14. a3 b6
15. c4 Nc7 16. Ne4 O-O 17. Rd1 Qb8 18. Rd7 Bd8 19. Bg5 Qc8 20. Rad1 Nd5 21. Rxd8
Rxd8 22. Bxd8 Qxd8 23. cxd5 {Black resigns} 1-0

[Event "Team 45 45 League T41"]
[Site "Internet Chess Club"]
[Date "2009.05.17"]
[Round "3"]
[White "Orinal"]
[Black "TerryMalloy"]
[Result "0-1"]
[WhiteElo "1599"]
[BlackElo "2009"]
[Opening "Boden-Kieseritsky gambit"]
[ECO "C42"]
[Time "16:03:20"]
[TimeControl "2700+45"]

1. e4 e5 2. Nf3 Nf6 3. Bc4 Nxe4 4. Nc3 Nxc3 5. dxc3 f6 6. O-O d6 7. Nh4 g6 8.
Qd5 Qe7 9. f4 c6 10. Qd3 e4 11. Qe2 f5 12. g3 d5 13. Bb3 Be6 14. Be3 Bg7 15.
Rab1 Nd7 16. c4 d4 17. Bf2 O-O 18. Rbd1 c5 19. g4 Nf6 20. gxf5 gxf5 21. h3 Kh8
22. Kh2 Rg8 23. Rg1 Bh6 24. Bg3 Rg7 25. Rg2 Rag8 26. Rdg1 Rxg3 27. Rxg3 Bxf4 28.
Qf2 Ng4+ 29. hxg4 Qxh4+ 30. Kg2 Bxg3 {White resigns} 0-1

[Event "Team 45 45 League T41"]
[Site "Internet Chess Club"]
[Date "2009.05.17"]
[Round "3"]
[White "MeanMrMustard"]
[Black "incachess"]
[Result "1/2-1/2"]
[WhiteElo "1982"]
[BlackElo "1665"]
[Opening "Sicilian: Najdorf, Byrne (English) attack"]
[ECO "B90"]
[Time "14:07:22"]
[TimeControl "2700+45"]

1. e4 c5 2. Nf3 d6 3. d4 cxd4 4. Nxd4 Nf6 5. Nc3 a6 6. Be3 e6 7. Be2 Qc7 8. O-O
b5 9. a3 Nbd7 10. Nb3 Bb7 11. Bf3 Be7 12. g3 O-O 13. Bg2 Rfd8 14. f4 Rac8 15.
Qe2 Qc4 16. Qxc4 Rxc4 17. Na5 Rxc3 18. bxc3 Bxe4 19. Bxe4 Nxe4 20. Nc6 Re8 21.
Nxe7+ Rxe7 22. Rfd1 d5 23. Bd4 Re8 24. a4 Rc8 25. axb5 axb5 26. Rdb1 h6 27. Rxb5
Nxc3 28. Bxc3 Rxc3 29. Ra8+ Kh7 30. Rb7 Nf6 31. Rxf7 Kg6 32. Raa7 Rxc2 33. Rxg7+
Kf5 34. Raf7 d4 35. g4+ Ke4 36. Rxf6 Kf3 37. h4 Rc1+ 38. Kh2 Rc2+ 39. Kh3 Rc1
40. Kh2 Rc2+ 41. Kg1 {Game drawn by mutual agreement} 1/2-1/2

[Event "Team 45 45 League T41"]
[Site "Internet Chess Club"]
[Date "2009.05.15"]
[Round "3"]
[White "jbuldop"]
[Black "mitus"]
[Result "1-0"]
[WhiteElo "1213"]
[BlackElo "1743"]
[Opening "Catalan opening"]
[ECO "E00"]
[Time "16:02:24"]
[TimeControl "2700+45"]

1. d4 Nf6 2. c4 e6 3. g3 Bb4+ 4. Bd2 Qe7 5. Bg2 Bxd2+ 6. Qxd2 d5 7. Nc3 c6 8.
Nf3 Nbd7 9. O-O O-O 10. Ne5 Nxe5 11. dxe5 Nd7 12. cxd5 exd5 13. e4 dxe4 14. Bxe4
Nxe5 15. Rfe1 Qf6 16. f4 Ng4 17. h3 Rd8 18. Qe2 Nh6 19. Bg2 Be6 20. Ne4 Qd4+ 21.
Kh2 Bc4 22. Qc2 Bd3 23. Qb3 Bxe4 24. Rxe4 Qd7 25. Rae1 Nf5 26. g4 Nd4 27. Qc4
Ne6 28. f5 Qd6+ 29. Kh1 Nc5 30. Re7 Rf8 31. b4 Nd7 32. b5 Rac8 33. bxc6 bxc6 34.
Qa6 Rc7 35. Qe2 Nf6 36. Re5 c5 37. g5 Nd7 38. Rd5 Qb6 39. Qd2 Nb8 40. Qc3 Qb4
41. Qe5 Rcc8 42. f6 Nc6 43. Qg3 Rfe8 44. Rxe8+ Rxe8 45. Rd1 Nd4 46. Bd5 Qb8 47.
Qc3 Qd6 48. Qc4 Rf8 49. Kg2 gxf6 50. gxf6 Qxf6 51. Rf1 Qg5+ 52. Kh1 Nf5 53. Rg1
Ng3+ 54. Kh2 Qe5 55. Rxg3+ Kh8 56. Qc3 f6 57. Qxe5 fxe5 58. Rg5 Re8 59. Kg2 e4
60. Kf2 a5 61. Ke3 c4 62. Bxc4 {Black resigns} 1-0

[Event "Team 45 45 League T41"]
[Site "Internet Chess Club"]
[Date "2009.05.16"]
[Round "3"]
[White "Ptzz"]
[Black "Blade"]
[Result "1/2-1/2"]
[WhiteElo "2113"]
[BlackElo "2124"]
[Opening "Nimzo-Indian: classical, Pirc variation"]
[ECO "E39"]
[Time "12:33:49"]
[TimeControl "2700+45"]

1. d4 Nf6 2. c4 e6 3. Nc3 Bb4 4. Qc2 c5 5. dxc5 O-O 6. Nf3 Na6 7. a3 Bxc3+ 8.
Qxc3 Nxc5 9. e3 d5 10. b4 Nce4 11. Qc2 Ng4 12. Be2 Ngxf2 13. O-O Ng4 14. Bd3 Ng5
15. Nxg5 Qxg5 16. Bxh7+ Kh8 17. Bd3 Qe5 18. Rf4 Qxa1 19. Rxg4 Rd8 20. cxd5 Rxd5
21. Rh4+ Kg8 22. Bh7+ Kf8 23. Be4 g5 24. Rh7 Rd8 25. Qc5+ Ke8 26. Kf2 Qf6+ 27.
Kg3 Bd7 28. Bg6 {Game drawn by mutual agreement} 1/2-1/2

[Event "Team 45 45 League T41"]
[Site "Internet Chess Club"]
[Date "2009.05.16"]
[Round "3"]
[White "Ben622"]
[Black "Zumbi"]
[Result "0-1"]
[WhiteElo "2048"]
[BlackElo "2053"]
[Opening "Alekhine's defense: Scandinavian variation"]
[ECO "B02"]
[Time "17:27:49"]
[TimeControl "2700+45"]

1. e4 Nf6 2. Nc3 d5 3. e5 d4 4. exf6 dxc3 5. fxg7 cxd2+ 6. Qxd2 Qxd2+ 7. Bxd2
Bxg7 8. O-O-O O-O 9. Nf3 Bg4 10. Be2 Nc6 11. h3 Bf5 12. Bc4 Rfd8 13. Rhe1 Rd7
14. Nh4 Bg6 15. Nxg6 hxg6 16. Bb5 Rad8 17. Bxc6 bxc6 18. c3 e5 19. Be3 a6 20.
Rxd7 Rxd7 21. Rd1 Rd6 22. Ba7 e4 23. Bb8 Rf6 24. Rd8+ Kh7 25. Ba7 Rf5 26. Be3
Bh6 27. Kd2 Rxf2+ {White resigns} 0-1

[Event "Team 45 45 League T41"]
[Site "Internet Chess Club"]
[Date "2009.05.14"]
[Round "3"]
[White "BRAINWAVE"]
[Black "AntonioMendonca"]
[Result "0-1"]
[WhiteElo "1749"]
[BlackElo "1664"]
[Opening "Canard opening"]
[ECO "A45"]
[Time "18:39:25"]
[TimeControl "2700+45"]

1. d4 Nf6 2. f4 d6 3. e3 e5 4. dxe5 dxe5 5. Qxd8+ Kxd8 6. Nc3 exf4 7. exf4 c6 8.
Bc4 Bb4 9. Bxf7 Rf8 10. Bc4 Bf5 11. Bb3 Nbd7 12. Bd2 Re8+ 13. Nge2 Nc5 14. O-O
Rxe2 15. Nxe2 Bxd2 16. Rad1 Nfe4 17. Rxd2+ Nxd2 18. Rd1 Ne4 19. Ng3 Bg4 20. Nxe4
Bxd1 21. Nxd2 Kc7 22. Nc4 Re8 23. Ne5 Rd8 24. Nd3 b5 25. Kf2 a5 26. Ke1 Bg4 27.
h3 Bf5 28. Ke2 Bxd3+ 29. cxd3 a4 30. Be6 c5 31. Ke3 Re8 32. f5 g6 33. g4 Rd8 34.
h4 Rd4 35. fxg6 hxg6 36. h5 gxh5 37. gxh5 Rh4 38. Bf7 Rh2 39. Ke4 Rxb2 40. Kf5
Rd2 41. h6 Rh2 42. Kg6 b4 43. Kg7 b3 44. axb3 a3 45. b4 cxb4 46. h7 Kd6 47. h8=Q
Rxh8 48. Kxh8 Ke5 49. Kg7 Kd4 50. Kf6 Kxd3 51. Ke5 Kc3 52. Ke4 b3 53. Ke3 a2
{White resigns} 0-1

[Event "Team 45 45 League T41"]
[Site "Internet Chess Club"]
[Date "2009.05.16"]
[Round "3"]
[White "KNVB"]
[Black "syy89"]
[Result "1-0"]
[WhiteElo "2355"]
[BlackElo "2105"]
[Opening "King's Indian: Sämisch, 5...O-O"]
[ECO "E81"]
[Time "20:00:05"]
[TimeControl "2700+45"]

1. d4 Nf6 2. c4 g6 3. Nc3 Bg7 4. e4 d6 5. f3 O-O 6. Be3 c5 7. dxc5 dxc5 8. Qxd8
Rxd8 9. Bxc5 Nc6 10. Nd5 Nd7 11. Bxe7 Nxe7 12. Nxe7+ Kf8 13. Nd5 Bxb2 14. Rb1
Bg7 15. Nh3 Nc5 16. g4 Be6 17. Ng5 h6 18. Nh7+ Kg8 19. Nhf6+ Kf8 20. h4 Rac8 21.
g5 b6 22. gxh6 Bxh6 23. h5 Kg7 24. hxg6 fxg6 25. Rb2 Nd7 26. Rbh2 Rh8 27. Nxd7
Bxd7 28. Bd3 Rc5 29. Rg1 Re8 30. Rhg2 Rc6 31. c5 {Black resigns} 1-0

[Event "Team 45 45 League T41"]
[Site "Internet Chess Club"]
[Date "2009.05.17"]
[Round "3"]
[White "Pason"]
[Black "akdog3"]
[Result "1/2-1/2"]
[WhiteElo "2091"]
[BlackElo "2239"]
[Opening "King's Indian: Petrosian system, Stein variation"]
[ECO "E92"]
[Time "10:00:53"]
[TimeControl "2700+45"]

1. d4 Nf6 2. Nf3 g6 3. c4 Bg7 4. Nc3 O-O 5. e4 d6 6. Be2 e5 7. d5 a5 8. O-O Na6
9. Ne1 Nc5 10. f3 Nh5 11. Nd3 f5 12. Nxc5 dxc5 13. Be3 b6 14. Qd2 Nf4 15. Rfd1
Bd7 16. Bf1 Nh5 17. Rac1 f4 18. Bf2 g5 19. Be2 Nf6 20. Kh1 Ne8 21. g4 h5 22. h3
Nf6 23. Kg2 Qc8 24. Rg1 Kf7 {Game drawn by mutual agreement} 1/2-1/2

[Event "Team 45 45 League T41"]
[Site "Internet Chess Club"]
[Date "2009.05.17"]
[Round "3"]
[White "Gregorio"]
[Black "nardz"]
[Result "1/2-1/2"]
[WhiteElo "2093"]
[BlackElo "2084"]
[Opening "English, 1...Nf6 (Anglo-Indian defense)"]
[ECO "A15"]
[Time "21:09:36"]
[TimeControl "2700+45"]

1. c4 Nf6 2. g3 c6 3. Nf3 d5 4. Bg2 Bg4 5. O-O Nbd7 6. b3 e6 7. Bb2 Be7 8. d3
O-O 9. Nbd2 Qc7 10. Re1 Rfd8 11. Rc1 Rac8 12. cxd5 exd5 13. h3 Bh5 14. Nd4 Qb6
15. Nf5 Bc5 16. Rf1 Re8 17. Nf3 a5 18. g4 Bg6 19. N3h4 a4 20. Qd2 axb3 21. axb3
Ra8 22. Bf3 Ne5 23. Bxe5 Rxe5 24. d4 Bb4 25. Qg5 Re6 26. Ra1 Rae8 27. e3 Ne4 28.
Qf4 Nd2 29. Rfd1 Bc3 30. Ra2 Nxf3+ 31. Qxf3 Qxb3 32. Ra7 Qb6 33. Ra3 Qb2 34. Ra7
Qb6 35. Ra3 Qb4 36. Ra7 {Game drawn by mutual agreement} 1/2-1/2

[Event "Team 45 45 League T41"]
[Site "Internet Chess Club"]
[Date "2009.05.14"]
[Round "3"]
[White "Rookmaster"]
[Black "adh2050"]
[Result "0-1"]
[WhiteElo "1869"]
[BlackElo "2134"]
[Opening "Sicilian: Hungarian variation"]
[ECO "B27"]
[Time "23:04:54"]
[TimeControl "2700+45"]

1. e4 c5 2. Nf3 g6 3. d4 cxd4 4. Qxd4 Nf6 5. Bb5 Nc6 6. Bxc6 dxc6 7. Qxd8+ Kxd8
8. Nc3 Bg7 9. Bf4 Nh5 10. O-O-O+ Ke8 11. Bc7 Bg4 12. Rd3 Bh6+ 13. Kb1 Nf4 14.
Bxf4 Bxf4 15. h3 Be6 16. Rhd1 f6 17. Ne2 Bc7 18. b3 Kf7 19. Ned4 Rhd8 20. Nxe6
Kxe6 21. Nd4+ Kf7 22. Ne2 Rxd3 23. Rxd3 Rd8 24. f4 Rxd3 25. cxd3 e5 26. g3 Ke6
27. Kc2 f5 28. Kd2 Bb6 29. Kc3 Be3 30. a4 a5 31. Kc4 h5 32. exf5+ gxf5 33. Kc3
h4 34. fxe5 hxg3 35. Nxg3 Kxe5 36. Ne2 f4 37. h4 f3 38. d4+ Kd5 39. Ng3 Bxd4+
40. Kd3 Bf2 41. Nf5 Ke5 42. Nh6 Bxh4 43. Ng4+ Kf4 44. Ne3 Bf2 45. Nf1 Be1 46.
Ne3 Kg3 47. Ke4 f2 48. Nf5+ Kh2 49. Ne3 Kg1 50. Kd4 f1=Q 51. Nxf1 Kxf1 52. Kc5
Bf2+ 53. Kc4 Ke1 54. Kc3 b5 55. Kd3 Kd1 56. Kc3 Kc1 57. b4 bxa4 58. bxa5 Be1+
59. Kc4 Bxa5 60. Kc5 a3 61. Kxc6 a2 {White resigns} 0-1

[Event "Team 45 45 League T41"]
[Site "Internet Chess Club"]
[Date "2009.05.18"]
[Round "3"]
[White "PandorasBox"]
[Black "frothyjowels"]
[Result "1/2-1/2"]
[WhiteElo "2188"]
[BlackElo "2390"]
[Opening "Trompowsky attack (Ruth, Opocenský opening)"]
[ECO "A45"]
[Time "16:00:09"]
[TimeControl "2700+45"]

1. d4 Nf6 2. Bg5 Ne4 3. Bf4 d5 4. Nd2 Bf5 5. e3 e6 6. Nxe4 Bxe4 7. Ne2 Bd6 8.
Bxd6 Qxd6 9. Qd2 O-O 10. f3 Bg6 11. h4 h6 12. g4 Re8 13. Nf4 c5 14. Nxg6 fxg6
15. dxc5 Qxc5 16. O-O-O Nd7 17. f4 Nf6 18. Bd3 Nxg4 19. Rde1 Kf7 20. Rhg1 h5 21.
Qe2 Qd6 22. Rxg4 hxg4 23. Qxg4 e5 24. f5 gxf5 25. Qxf5+ Ke7 26. Rg1 Qf6 27. Qg4
b6 28. Qb4+ Kd8 29. Qb5 Qd6 30. Rxg7 e4 31. Be2 Rb8 32. Rxa7 Re7 33. Ra4 Rc7 34.
h5 Rc5 35. Qb3 Kc7 36. Qa3 Qg3 37. Kd2 Kd7 38. Ra7+ Rc7 39. h6 Rxa7 40. Qxa7+
Qc7 41. Qa4+ Ke6 42. Bg4+ Kf6 43. h7 Qh2+ 44. Be2 Qc7 45. Qb5 Qd6 46. Qa4 Kg6
47. c3 Kxh7 48. Qa7+ Kg6 49. a4 Rh8 50. a5 bxa5 51. Qxa5 Rh3 52. Qa8 Qb6 53.
Qg8+ {Game drawn by mutual agreement} 1/2-1/2

[Event "Team 45 45 League T41"]
[Site "Internet Chess Club"]
[Date "2009.05.17"]
[Round "3"]
[White "eurander"]
[Black "izit"]
[Result "1-0"]
[WhiteElo "2233"]
[BlackElo "2158"]
[Opening "Sicilian: Alapin's variation (2.c3)"]
[ECO "B22"]
[Time "14:02:28"]
[TimeControl "2700+45"]

1. e4 c5 2. c3 d6 3. d4 Nf6 4. Bd3 g6 5. dxc5 dxc5 6. e5 Nd5 7. Be4 Nc7 8. Qxd8+
Kxd8 9. Na3 Ne6 10. Be3 Kc7 11. Ne2 Nc6 12. f4 a6 13. Bd5 b6 14. b4 Bh6 15. Kf2
Rd8 16. Rhd1 Rb8 17. h3 f6 18. b5 axb5 19. Nxb5+ Kb7 20. exf6 exf6 21. f5 Bxe3+
22. Kxe3 gxf5 23. Nf4 Nxf4 24. Bxc6+ Kxc6 25. Rxd8 Nxg2+ 26. Kf2 Kxb5 27. Rg1
Ra8 28. Rxg2 Rxa2+ 29. Kg1 Rxg2+ 30. Kxg2 Bb7+ 31. Kg3 Kc4 32. Kf4 Kxc3 33. Rd7
Ba6 34. Rxh7 Be2 35. Re7 Kd2 36. Rd7+ Kc3 37. Ke3 Bh5 38. Rb7 c4 39. Rxb6 Kc2
40. Rxf6 {Black resigns} 1-0

[Event "Team 45 45 League T41"]
[Site "Internet Chess Club"]
[Date "2009.05.17"]
[Round "3"]
[White "kingcapture"]
[Black "gorgon"]
[Result "0-1"]
[WhiteElo "2228"]
[BlackElo "2066"]
[Opening "Sicilian: Najdorf, 6.f4"]
[ECO "B93"]
[Time "16:00:11"]
[TimeControl "2700+45"]

1. e4 c5 2. Nf3 d6 3. d4 cxd4 4. Nxd4 Nf6 5. Nc3 a6 6. f4 g6 7. Nf3 Bg7 8. e5
Ng4 9. h3 Nh6 10. exd6 O-O 11. dxe7 Qxe7+ 12. Be2 Qc5 13. Ne4 Qb4+ 14. Nc3 Bxc3+
15. bxc3 Qxc3+ 16. Bd2 Qc5 17. g4 Bxg4 18. hxg4 Nxg4 19. Rf1 Nc6 20. Qb1 Rfe8
21. Qb3 Nh2 22. Ng5 Rxe2+ 23. Kd1 Rxd2+ 24. Kxd2 Qd4+ 25. Qd3 Nxf1+ 26. Rxf1
Qxd3+ 27. cxd3 Rd8 28. a3 Nd4 29. Ne4 b5 30. Rb1 h5 31. a4 bxa4 32. Rb4 a3 33.
Ra4 Nb5 34. Nc3 Rd4 35. Rxa6 Nxc3 36. Kxc3 Rxf4 37. Rxa3 h4 38. Ra2 h3 39. Rh2
Rh4 40. d4 Kf8 41. d5 Ke7 42. Kd3 g5 43. Ke3 f5 44. Kf3 Kd6 45. Kg3 Kxd5 46.
Rd2+ Ke5 47. Re2+ Kd4 48. Kh2 f4 49. Rd2+ Ke3 50. Ra2 g4 51. Ra3+ Kd2 52. Ra2+
Kc3 53. Re2 g3+ 54. Kg1 Rh5 55. Ra2 Rb5 56. Ra3+ Rb3 57. Ra1 Kc2 58. Rf1 Rb1
{White resigns} 0-1

[Event "Team 45 45 League T41"]
[Site "Internet Chess Club"]
[Date "2009.05.16"]
[Round "3"]
[White "JustinSane"]
[Black "Chessduke"]
[Result "0-1"]
[WhiteElo "2028"]
[BlackElo "2122"]
[Opening "Queen's pawn, Mason variation"]
[ECO "D00"]
[Time "13:30:11"]
[TimeControl "2700+45"]

1. d4 d5 2. Bf4 Bf5 3. c4 c6 4. cxd5 cxd5 5. Nc3 Nf6 6. Qb3 Qb6 7. Qxb6 axb6 8.
e3 e6 9. Bb5+ Nc6 10. Nf3 Nd7 11. Nh4 Be4 12. f3 Bg6 13. O-O Be7 14. Nxg6 hxg6
15. e4 Nxd4 16. exd5 e5 17. Bxd7+ Kxd7 18. Bxe5 Bc5 19. Kh1 Nf5 20. Ne4 f6 21.
Nxc5+ bxc5 22. Bc3 Ng3+ 23. Kg1 Nxf1 24. Rxf1 Rxa2 25. Rd1 b5 26. b4 Rc2 27. Be1
c4 28. Bg3 c3 29. Ra1 Rd8 30. Ra7+ Ke8 31. d6 Rd7 32. Ra8+ Kf7 33. Rc8 g5 34. h3
g6 35. Kh2 Rb2 36. Rxc3 Rxb4 37. Rc6 f5 38. Rb6 Ke6 39. Rb8 f4 40. Bf2 Kd5 41.
Rc8 Rxd6 42. Rc5+ Ke6 43. Rxg5 Kf6 44. Rc5 Rd1 45. Bh4+ Kf7 46. Bg5 Rd7 47. h4
Rb7 48. Kh3 Rc4 49. Rd5 b4 {White resigns} 0-1

[Event "Team 45 45 League T41"]
[Site "Internet Chess Club"]
[Date "2009.05.24"]
[Round "3"]
[White "Kolibri"]
[Black "SlimeDog2"]
[Result "0-1"]
[WhiteElo "2070"]
[BlackElo "2241"]
[Opening "Petrov: classical attack, Marshall variation"]
[ECO "C42"]
[Time "14:02:40"]
[TimeControl "2700+45"]

1. e4 e5 2. Nf3 Nf6 3. Nxe5 d6 4. Nf3 Nxe4 5. d4 d5 6. Bd3 Bd6 7. O-O O-O 8. c4
c6 9. Nc3 Nxc3 10. bxc3 dxc4 11. Bxc4 Qc7 12. h3 Bf5 13. Bd3 Bxd3 14. Qxd3 Nd7
15. Re1 Rfe8 16. Bd2 b5 17. c4 a6 18. Bc3 Rad8 19. Ng5 Nf6 20. Rxe8+ Rxe8 21. a4
bxc4 22. Qxc4 Nd5 23. Bd2 h6 24. Nf3 Qb7 25. Rc1 Re6 26. g3 Bc7 27. Qd3 a5 28.
Rb1 Qa7 29. Re1 Rxe1+ 30. Bxe1 Qb6 31. Qc4 Bd6 32. Kg2 Kf8 33. Bd2 Ke7 34. Qe2+
Kf8 35. Qc4 f6 36. Qd3 Bb4 37. Bc1 Qb7 38. Qc4 Qb6 39. Qd3 Bc3 40. Ba3+ Kg8 41.
Qc4 Kf7 42. Bc5 Qb7 43. Nh4 Qb1 44. Qa6 Qe4+ 45. Nf3 h5 46. Qb7+ Kg8 47. Qc8+
Kh7 48. Qd7 f5 49. Qf7 Kh6 50. h4 Qe2 51. Bf8 Ne3+ 52. Kh1 Qxf3+ {White resigns}
0-1

[Event "Team 45 45 League T41"]
[Site "Internet Chess Club"]
[Date "2009.05.16"]
[Round "3"]
[White "cillu"]
[Black "Monsoon-Smith"]
[Result "1-0"]
[WhiteElo "2258"]
[BlackElo "2096"]
[Opening "King's Indian: Sämisch, 5...O-O"]
[ECO "E81"]
[Time "15:10:16"]
[TimeControl "2700+45"]

1. d4 Nf6 2. c4 g6 3. Nc3 Bg7 4. e4 d6 5. f3 O-O 6. Be3 c5 7. Nge2 cxd4 8. Nxd4
Nc6 9. Be2 Bd7 10. Qd2 Re8 11. O-O a6 12. Nd5 Nxd5 13. cxd5 Nxd4 14. Bxd4 Bxd4+
15. Qxd4 Qa5 16. b4 Qa3 17. f4 Rec8 18. Rf3 Qa4 19. f5 Rc7 20. fxg6 hxg6 21.
Raf1 Be8 22. Rh3 f6 23. e5 {Black resigns} 1-0

[Event "Team 45 45 League T41"]
[Site "Internet Chess Club"]
[Date "2009.05.17"]
[Round "3"]
[White "fledermaus"]
[Black "BigTweeds"]
[Result "1/2-1/2"]
[WhiteElo "1997"]
[BlackElo "2019"]
[Opening "QGD semi-Slav"]
[ECO "D43"]
[Time "16:35:07"]
[TimeControl "2700+45"]

1. d4 d5 2. c4 e6 3. Nc3 c6 4. Nf3 Nf6 5. Bg5 h6 6. Bh4 dxc4 7. e4 g5 8. Bg3 b5
9. Be2 Bb4 10. Qc2 g4 11. Ne5 Qxd4 12. Rd1 Qxe4 13. Qd2 Bxc3 14. bxc3 Nbd7 15.
O-O Nd5 16. Nxg4 h5 17. Bf3 Qg6 18. Ne3 Bb7 19. Rfe1 N7f6 20. Qd4 O-O 21. Nxd5
Nxd5 22. Re5 f5 23. Rde1 Bc8 24. Qh4 Bd7 25. Bxh5 Qf6 26. Qxf6 Rxf6 27. Bf3 Nxc3
28. Rc5 Nd5 29. Bxd5 cxd5 30. Rc7 Rf7 31. Be5 b4 32. Re3 Rc8 33. Rg3+ Kh7 34.
Rh3+ Kg6 35. Rg3+ Kh7 36. Rh3+ Kg6 37. Rg3+ Kh7 {Game drawn by repetition}
1/2-1/2